 Dungeon Crawl Stone Soup version 0.28.0-53-g5a82cb258f (webtiles) character file.

Game seed: 14384690310665622422

8622 Sin92 the Cleaver (level 11, 0/86 HPs)
             Began as a Demonspawn Fighter on July 7, 2022.
             Was a High Priest of Okawaru.
             Slain by a gargoyle
             ... wielding a +0 mace of holy wrath
              (6 damage)
             ... on level 10 of the Dungeon.
             The game lasted 00:21:19 (9370 turns).

Sin92 the Cleaver (Demonspawn Fighter)              Turns: 9370, Time: 00:21:20

Health: 0/86       AC: 17    Str: 25    XL:     11   Next: 12%
Magic:  14/14      EV: 10    Int: 20    God:    Okawaru [*****.]
Gold:   743        SH: 11    Dex: 14    Spells: 10/10 levels left

rFire   . . .      SeeInvis .   t - +9 hand axe "Xeilaavi" {drain, *Rage rElec Int+8}
rCold   + . .      Faith    .   c - +1 buckler
rNeg    . . .      Spirit   .   o - +2 chain mail
rPois   .          Reflect  .   (helmet restricted)
rElec   +          Harm     .   (no cloak)
rCorr   .          Rampage  .   (no gloves)
Will    .....      Rage     20% a - +0 pair of boots
Stlth   ..........              s - amulet of the acrobat
HPRegen 0.24/turn               p - +6 ring of strength
MPRegen 0.14/turn               r - ring of protection from cold

@: on berserk cooldown, hasted and slowed, studying Bows
A: horns 2, icemail 1, powered by death 1, big brain 1, condensation shield,
wild magic 1
a: Renounce Religion, Heroism, Finesse, Duel


You were on level 10 of the Dungeon.
You worshipped Okawaru.
Okawaru was extremely pleased with you.
You visited 2 branches of the dungeon, and saw 11 of its levels.
You also visited: Ossuary.

You collected 743 gold pieces.

Inventory:

Hand Weapons
 t - the +9 hand axe "Xeilaavi" (weapon) {drain, *Rage rElec Int+8}
   (You found it on level 3 of the Dungeon)

   A truly terrible weapon, it drains the life of any living foe it strikes.
   Int:       It affects your intelligence (+8).
   rElec:     It insulates you from electricity.
   *Rage:     It berserks you when you make melee attacks (+20% chance).
 z - the +8 whip of Biriucurghy {vorpal, *Slow +Blink Str+3}
   (You found it on level 7 of the Dungeon)

   It inflicts extra damage upon your enemies.
   Str:       It affects your strength (+3).
   +Blink:    It lets you blink.
   *Slow:     It may slow you when you take damage.
 D - a +4 broad axe of venom
Missiles
 K - 2 throwing nets (quivered)
Armour
 a - a +0 pair of boots (worn)
 c - a +1 buckler (worn)
 o - a +2 chain mail (worn)
Jewellery
 p - a +6 ring of strength (left hand)
 r - a ring of protection from cold (right hand)
 s - an amulet of the acrobat (around neck)
 L - a ring of poison resistance
Wands
 k - a wand of iceblast (15)
 M - a wand of paralysis (5)
Scrolls
 i - 2 scrolls of fog
 v - 2 scrolls of enchant armour
 B - a scroll of teleportation
 F - a scroll of amnesia
 I - a scroll of magic mapping
 J - a scroll of silence
Potions
 d - 5 potions of might
 e - 4 potions of flight
 j - 5 potions of curing
 l - 2 potions of lignification
 q - a potion of magic
 u - 2 potions of invisibility
 w - 2 potions of haste
 x - a potion of mutation
 E - a potion of ambrosia
 G - 2 potions of attraction {unknown}
 H - 2 potions of brilliance


   Skills:
 + Level 7.8 Fighting
 * Level 8.5 Axes
 + Level 7.0 Armour
 - Level 5.0 Dodging
 - Level 4.2 Stealth
 + Level 7.0 Shields
 + Level 5.2 Invocations


You had 10 spell levels left.
You didn't know any spells.
Your spell library contained the following spells:

 Spells                   Type           Power      Damage    Failure   Level
 Beastly Appendage        Tmut           0%         N/A       86%         1
 Freeze                   Ice            0%         1d3       86%         1
 Magic Dart               Conj           0%         1d3       86%         1
 Shock                    Conj/Air       0%         1d3       86%         1
 Searing Ray              Conj           0%         2d4       95%         2
 Sublimation of Blood     Necr           0%         N/A       95%         2
 Frozen Ramparts          Ice            0%         1d2       99%         3
 Swiftness                Air            0%         N/A       99%         3
 Airstrike                Air            0%         N/A       100%        4
 Fulminant Prism          Conj/Hex       0%         3d6       100%        4
 Hailstorm                Conj/Ice       0%         3d3       100%        4
 Ice Form                 Ice/Tmut       0%         N/A       100%        4
 Petrify                  Tmut/Erth      0%         N/A       100%        4
 Irradiate                Conj/Tmut      0%         3d14      100%        5
 Metabolic Englaciation   Hex/Ice        0%         N/A       100%        5
 Yara's Violent Unravell  Hex/Tmut       0%         3d3       100%        5
 Statue Form              Tmut/Erth      0%         N/A       100%        6
 Necromutation            Tmut/Necr      0%         N/A       100%        8
 Simulacrum               Ice/Necr       Unusable   N/A       N/A         6

Dungeon Overview and Level Annotations

Branches:
Dungeon (10/15)            Temple (1/1) D:7         Ossuary (visited)
   Lair: D:8-11         Orc: D:9-12

Altars:
Dithmenos
Elyvilon
Fedhas
Gozag
Makhleb
Okawaru
Ru
Sif Muna
Trog
Vehumet
Wu Jian
Zin
The Shining One


Innate Abilities, Weirdness & Mutations

You have a pair of horns on your head.
A meltable icy envelope protects you from harm. (AC +4)
You regenerate a little health from kills.
You have an unusually large brain. (Int +2)
A meltable shield of frost defends you. (SH +4)
Your spells are a little harder to cast, but a little more powerful.


Message History

The gargoyle hurls a stone arrow at you.
The stone arrow hits you.
* * * LOW HITPOINT WARNING * * *
Unknown command.
You slash the gargoyle!
You destroy the gargoyle!
Okawaru accepts your kill.
You can now enter into single combat with a foe.
Okawaru will now gift you equipment as you gain piety.
The gargoyle hurls a stone arrow at you.
You block the stone arrow.
The gargoyle hurls a stone arrow at you.
The stone arrow misses you.
Things that are here:
a +0 mace; a +0 flail You hit the gargoyle.
You headbutt the gargoyle, but do no damage.
The gargoyle is moderately damaged.
The gargoyle hurls a stone arrow at you.
You block the stone arrow.
You hit the gargoyle but do no damage.
The gargoyle is moderately damaged.
You hit the gargoyle.
You headbutt the gargoyle, but do no damage.
The gargoyle is moderately damaged.
You feel like a meek peon again. You block the gargoyle's attack.
You barely miss the gargoyle.
The gargoyle is moderately damaged.
The gargoyle closely misses you.
You hit the gargoyle but do no damage.
The gargoyle is moderately damaged.
The gargoyle hurls a stone arrow at you.
You block the stone arrow.
You barely miss the gargoyle.
The gargoyle is moderately damaged.
The gargoyle hits you with a +0 mace of holy wrath.
* * * LOW HITPOINT WARNING * * *
You convulse.
You die...

#.# #######.#
........########
######.........###
#...#######...#
##.###)###8###.##
#..#?##'.'##8#..#
##+#####.###'.....'###.#
.......#@#8#.......#8#.#
........9..........'##.#
...............8....##.#
.......#...........'##.#
.......#.#8#.......#)#.#
.......#.###'.....'###.#
.......#..#$##'.+##8#..#
.......##.###$### ###.##
....... #...#######...#


You could see a gargoyle.

Vanquished Creatures
  4 gargoyles (D:10)
  An unseen horror (D:10)
  3 trolls (D:9)
  A hornet (D:7)
  Sigmund (D:5)
  16 yaks
  A steam dragon (D:10)
  Grum (D:8)
  The ghost of quokkamancerX the Magician, an amateur DjCj (D:3)
  2 orc warriors (D:8)
  3 sky beasts
  A black bear (D:4)
  2 ice beasts
  2 necrophages
  An ogre (D:4)
  3 wolves (D:8)
  3 centaurs
  A bullfrog (D:8)
  9 wights
  3 howler monkeys (D:10)
  2 centaur zombies
  2 bullfrog zombies
  2 hounds
  2 jellies
  3 bullfrog skeletons
  2 orc priests (D:7)
  2 centaur skeletons (D:7)
  4 iguanas
  Ijyb (D:4)
  6 orc wizards
  A killer bee zombie (D:5)
  8 mummies (Ossuary)
  7 gnolls (D:3)
  11 adders
  A shadow imp (D:7)
  A white imp (D:6)
  An adder skeleton (D:4)
  4 adder zombies
  3 dart slugs
  30 orcs
  13 ball pythons
  8 bats
  A bat zombie (D:2)
  4 endoplasms
  3 giant cockroaches
  2 gnoll zombies (Ossuary)
  7 goblins
  7 hobgoblins
  5 jackals
  5 quokkas
  A ball python skeleton (D:2)
  A ball python zombie (D:2)
  5 frilled lizards
  A giant cockroach zombie (D:2)
  2 hobgoblin zombies (Ossuary)
  10 kobolds
  4 orc zombies (Ossuary)
  A quokka zombie (D:2)
  8 rats
240 creatures vanquished.

Vanquished Creatures (others)
  7 plants (D:3)
  3 withered plants (D:2)
10 creatures vanquished.

Grand Total: 250 creatures vanquished

Notes
Turn   | Place    | Note
-------+----------+-------------------------------------------
     0 | D:1      | Sin92 the Demonspawn Fighter began the quest for the Orb.
     0 | D:1      | Reached XP level 1. HP: 18/18 MP: 1/1
   203 | D:1      | Gained mutation: You have a pair of small horns on your
                  | head. [demonic ancestry]
   203 | D:1      | Reached XP level 2. HP: 22/24 MP: 2/2
   260 | D:1      | Reached skill level 2 in Axes
   488 | D:1      | Reached XP level 3. HP: 29/29 MP: 3/3
   748 | D:2      | Found a burning altar of Makhleb.
   964 | D:2      | Reached skill level 1 in Dodging
   968 | D:2      | Reached skill level 1 in Stealth
  1513 | D:2      | Reached XP level 4. HP: 28/35 MP: 4/4
  1776 | D:3      | Identified the +9 hand axe "Xeilaavi" {drain, *Rage rElec
                  | Int+8}
  1964 | D:3      | Found a faded altar of an unknown god.
  2188 | D:3      | Gained mutation: A meltable shield of frost defends you.
                  | (SH +4) [demonic ancestry]
  2188 | D:3      | Reached XP level 5. HP: 27/41 MP: 5/5
  2216 | D:3      | Gained mutation: Your spells are a little harder to cast,
                  | but a little more powerful. [potion of mutation]
  2312 | D:3      | Found a transporter.
  2326 | D:3      | Noticed quokkamancerX's ghost (amateur DjCj)
  2377 | D:3      | Found a transporter.
  2540 | D:4      | Noticed a centaur
  2619 | D:4      | Noticed an ogre
  2624 | D:4      | Killed an ogre
  2625 | D:4      | Reached XP level 6. HP: 48/48 MP: 6/6
  2969 | D:4      | Reached skill level 3 in Axes
  3073 | D:4      | Found a burning altar of Makhleb.
  3216 | D:4      | Noticed Ijyb
  3221 | D:4      | Killed Ijyb
  3340 | D:4      | Reached XP level 7. HP: 46/54 MP: 7/7
  3770 | D:5      | Entered Level 5 of the Dungeon
  4194 | D:5      | Noticed Sigmund
  4204 | D:5      | Killed Sigmund
  4377 | D:5      | Gained mutation: You regenerate a little health from kills.
                  | [demonic ancestry]
  4377 | D:5      | Reached XP level 8. HP: 58/61 MP: 8/8
  5006 | D:6      | Reached skill level 5 in Fighting
  5006 | D:6      | Reached skill level 4 in Axes
  5486 | D:7      | Identified the +8 whip of Biriucurghy {vorpal, *Slow +Blink
                  | Str+3}
  5544 | D:7      | Reached skill level 5 in Shields
  5544 | D:7      | Noticed a hornet
  5547 | D:7      | Reached skill level 5 in Armour
  5552 | D:7      | Reached skill level 5 in Axes
  5552 | D:7      | Gained mutation: You have an unusually large brain. (Int
                  | +2) [demonic ancestry]
  5552 | D:7      | Reached XP level 9. HP: 69/69 MP: 9/9
  5927 | D:7      | Found a staircase to the Ecumenical Temple.
  5946 | Temple   | Entered the Ecumenical Temple
  6128 | Temple   | Became a worshipper of Warmaster Okawaru
  6606 | D:8      | Noticed Grum
  6618 | D:8      | Reached skill level 6 in Axes
  6628 | D:8      | Killed Grum
  6764 | D:8      | Found a sand-covered staircase.
  6773 | Ossuary  | Entered an ossuary
  6842 | Ossuary  | Reached * piety under Okawaru
  7005 | D:8      | Identified a scroll of acquirement
  7005 | D:8      | Acquired a +3 broad axe of venom
  7069 | D:8      | Reached skill level 5 in Dodging
  7533 | D:8      | Reached skill level 1 in Invocations
  7538 | D:8      | Gained mutation: You have a pair of horns on your head.
                  | [demonic ancestry]
  7538 | D:8      | Reached XP level 10. HP: 77/77 MP: 10/10
  7824 | D:3      | Killed quokkamancerX's ghost
  8339 | D:9      | Reached ** piety under Okawaru
  8374 | D:9      | Reached skill level 7 in Axes
  8389 | D:9      | Got the Papyrus of Shape Shifting
  8735 | D:9      | Reached *** piety under Okawaru
  9001 | D:10     | Entered Level 10 of the Dungeon
  9155 | D:10     | Reached skill level 8 in Axes
  9159 | D:10     | Reached **** piety under Okawaru
  9289 | D:10     | Noticed a gargoyle
  9297 | D:10     | Killed a gargoyle
  9298 | D:10     | Gained mutation: A meltable icy envelope protects you from
                  | harm. (AC +4) [demonic ancestry]
  9298 | D:10     | Reached XP level 11. HP: 49/85 MP: 14/14
  9352 | D:10     | HP: 4/85 [gargoyle/+0 flail (9)]
  9357 | D:10     | Reached skill level 5 in Invocations
  9363 | D:10     | Reached ***** piety under Okawaru
  9370 | D:10     | Slain by a gargoyle

Illustrated notes

Levels and vault maps discovered:
D:1:      wheals_arrival_shading, layout_rooms
D:2:      layout_basic, serial_undead, serial_undead_d, serial_undead_d,
          serial_undead_d, serial_undead_d, serial_undead_b, basic_altar,
          minmay_misc_feat_rows, corexii_leaking_fountain
D:3:      layout_loops_cross, hellmonk_ecumenical_altar_zigzags,
          gammafunk_ghost_gnarly_gnolls, serial_bayou_pond_b, minmay_box_of_dots
D:4:      layout_basic, mainiacjoe_overflow_surrounded_room,
          serial_co_window_serial, co_window_paths_b,
          co_window_of_opportunity_a, co_window_paths_a, co_window_corner_a,
          co_window_paths_a, co_window_paths_b, co_window_paths_a,
          co_window_broadway_b, co_window_unsneaky_path_e, co_window_broadway_c,
          co_window_sun, co_window_paths_e, glass_columns_a, glass_columns_a,
          minmay_misc_feat_x, uniq_ijyb
D:5:      layout_basic, serial_curves, eino_curves_02, eino_curves_03,
          uniq_sigmund
D:6:      layout_loops_ring
D:7:      layout_loops_ring, minmay_temple_entry_glassed_door
D:8:      layout_basic, nicolae_ossuary_entry_monument, uniq_grum
D:9:      layout_loops_ring
D:10:     cheibrodos_statue_roulette, layout_basic, xom_shifter_show,
          orc_0_dummy, enter_bailey_2
Temple:   mainiacjoe_temple_cubbyholes

Skill      XL: |  1  2  3  4  5  6  7  8  9 10 11 |
---------------+----------------------------------+-----
Axes           | 2 3 5 6 8 |  8.5
Shields        | 3 4 5 6 7 |  7.0
Armour         | 3 4 5 6 7 |  7.0
Dodging        | 1 2 3 4 5 |  5.0
Stealth        | 1 2 3 4 |  4.2
Fighting       | 4 5 6 7 |  7.8
Invocations    | 1 4 5 |  5.2

Action                   |  1- 3 |  4- 6 |  7- 9 | 10-12 || total
-------------------------+-------+-------+-------+-------++-------
Melee: War axe           |   111 |     2 |       |       ||   113
       Headbutt          |    11 |     8 |    40 |    37 ||    96
       Hand axe          |       |    88 |   233 |   146 ||   467
Invok: Heroism           |       |       |       |     1 ||     1
 Abil: Evoke Blink       |       |       |     1 |       ||     1
  Use: Scroll            |       |     9 |     9 |     3 ||    21
       Potion            |       |     5 |     1 |     4 ||    10
Armor: Scale mail        |    54 |     9 |       |       ||    63
       Chain mail        |       |    31 |    72 |    40 ||   143
Dodge: Dodged            |    50 |    35 |    88 |    76 ||   249
Block: Buckler           |    33 |    51 |   104 |    67 ||   255
